 Dungeon Crawl Stone Soup version 0.28-a0-529-g3bad584f25 (webtiles) character file.

Game seed: 1334590703029272950

10813 jt the Cleaver (level 11, -20/89 HPs)
             Began as a Formicid Cinder Acolyte on Sept 24, 2021.
             Was an Initiate of Ignis.
             Demolished by a boulder beetle (37 damage)
             ... on level 13 of the Dungeon.
             The game lasted 00:43:38 (13586 turns).

jt the Cleaver (Formicid Cinder Acolyte)           Turns: 13586, Time: 00:43:39

Health: -20/89     AC: 12    Str: 21    XL:     11   Next: 99%
Magic:  14/14      EV: 12    Int: 13    God:    Ignis [......]
Gold:   528        SH:  0    Dex:  8    Spells: 7/14 levels left

rFire   + + .      SeeInvis +   a - +1 hand axe (flame)
rCold   . . .      Faith    .   (no shield)
rNeg    . . .      Spirit   .   b - +0 steam dragon scales
rPois   +          Reflect  .   (helmet unavailable)
rElec   .          Harm     .   L - +0 cloak
rCorr   .          Rampage  .   f - +0 pair of gloves
Will    +....                   (no boots)
Stlth   +.........              v - amulet of regeneration
HPRegen 1.24/turn               h - ring of poison resistance
MPRegen 0.14/turn               m - +4 ring of protection

@: no status effects
A: permanent stasis, dig shafts and tunnels, antennae 3, four strong arms, claws
1, fire resistance 1
a: Dig, Shaft Self, Renounce Religion


You were on level 13 of the Dungeon.
You worshipped Ignis.
Ignis was noncommittal.
You visited 3 branches of the dungeon, and saw 15 of its levels.
You also visited: Ossuary.

You collected 597 gold pieces.
You spent 69 gold pieces at shops.

Inventory:

Hand Weapons
 a - a +1 hand axe of flaming (weapon)
 n - a +2 dagger of venom
 o - a +0 hunting sling
 p - a +1 halberd of flaming
 r - a +4 quarterstaff of chaos
 w - a +0 war axe
 C - a -2 executioner's axe
 I - a +5 vampiric trident
 P - a +3 demon blade of electrocution
 W - a +1 shortbow of freezing
Missiles
 d - 20 sling bullets
 e - 448 stones
 g - 32 poisoned darts
 t - 6 boomerangs
 B - 113 arrows
 K - a throwing net
 O - 4 javelins
 S - 5 atropa-tipped darts
 X - 45 bolts
Armour
 b - +0 steam dragon scales (worn)
 f - a +0 pair of gloves (worn)
 i - a +2 tower shield
 L - a +0 cloak (worn)
 N - the +8 tower shield of Dyspraxia {rPois Int+3}
   (You found it on level 1 of the Lair of Beasts)

   Int:       It affects your intelligence (+3).
   rPois:     It protects you from poison.
 Q - +0 acid dragon scales
 Y - a +0 plate armour
Magical Staves
 T - a staff of fire
Jewellery
 h - a ring of poison resistance (left hand)
 m - a +4 ring of protection (right hand)
 v - an amulet of regeneration (around neck)
 z - a ring of wizardry
 F - a ring of protection from fire
Wands
 y - a wand of iceblast (10)
 D - a wand of digging (7)
 R - a wand of flame (15)
Scrolls
 c - 2 scrolls of torment
 j - a scroll of vulnerability
 k - 2 scrolls of amnesia
 l - 6 scrolls of enchant armour
 x - a scroll of holy word
 A - a scroll of enchant weapon
 G - a scroll of immolation
 J - a scroll of fear
 M - a scroll of brand weapon
Potions
 s - 7 potions of curing
 E - 3 potions of flight
 H - a potion of mutation


   Skills:
 + Level 9.5 Fighting
 - Level 14.0 Axes
 + Level 0.9 Throwing
 - Level 5.0 Armour
 - Level 2.0 Dodging
 + Level 5.0 Shields
 - Level 2.0 Spellcasting
 - Level 3.0 Fire Magic
 - Level 5.0 Evocations


You had 7 spell levels left.
You knew the following spells:

 Your Spells              Type           Power      Damage    Failure   Level
a - Scorch                Fire           18%        2d6       11%         2
b - Apportation           Tloc           2%         N/A       26%         1
c - Flame Wave            Conj/Fire      5%         3d4       80%         4

Your spell library contained the following spells:

 Spells                   Type           Power      Damage    Failure   Level
 Animate Skeleton         Necr           2%         N/A       26%         1
 Summon Small Mammal      Summ           4%         N/A       26%         1
 Static Discharge         Conj/Air       1%         N/A       36%         2
 Ignite Poison            Fire/Tmut/Pois 3%         N/A       45%         3
 Lesser Beckoning         Tloc           1%         N/A       58%         3
 Mephitic Cloud           Conj/Pois/Air  1%         N/A       58%         3
 Ozocubu's Armour         Ice            1%         N/A       58%         3
 Summon Guardian Golem    Hex/Summ       1%         N/A       58%         3
 Freezing Cloud           Conj/Ice/Air   0%         6-21      100%        5
 Lightning Bolt           Conj/Air       0%         1d11      100%        5
 Manifold Assault         Tloc           1%         N/A       100%        5
 Metabolic Englaciation   Hex/Ice        0%         N/A       100%        5
 Silence                  Hex/Air        0%         N/A       100%        5
 Summon Mana Viper        Hex/Summ       1%         N/A       100%        5
 Yara's Violent Unravell  Hex/Tmut       0%         3d3       100%        5
 Simulacrum               Ice/Necr       0%         N/A       100%        6
 Summon Cactus Giant      Summ           0%         N/A       100%        6
 Orb of Destruction       Conj           0%         N/A       100%        7
 Spellforged Servitor     Conj/Summ      0%         N/A       100%        7
 Maxwell's Capacitive Co  Air            0%         ∞         100%        8
 Blink                    Tloc           Unusable   N/A       N/A         2

Dungeon Overview and Level Annotations

Branches:
Dungeon (14/15)            Temple (1/1) D:6            Lair (1/6) D:11
Ossuary (visited)
    Orc: D:9-12      Vaults: D:13-14

Altars:
Ashenzari
Cheibriados
Dithmenos
Elyvilon
Fedhas
Gozag
Kikubaaqudgha
Makhleb
Nemelex Xobeh
Okawaru
Qazlal
Ru
Sif Muna
Trog
Uskayaw
Vehumet
Wu Jian
Yredelemnul
Zin
The Shining One

Shops:
D:2 =   D:13 *[**

Annotations:
D:6 2 transporters, bmj180's ghost, novice GnWn
D:11 Nergalle


Innate Abilities, Weirdness & Mutations

You cannot be hasted, slowed, berserked, paralysed or teleported.
You can dig through walls and to a lower floor.
You have a pair of large antennae on your head. (SInv)
Your four strong arms can wield two-handed weapons with a shield.
You have sharp fingernails.
Your flesh is heat resistant. (rF+)


Message History

Here: a skeletal warrior, wielding a +0 short sword The floor.
You hit the boulder beetle. You burn the boulder beetle.
The boulder beetle is severely wounded.
You barely miss the skeletal warrior. You slash the boulder beetle!
You burn the boulder beetle.
The boulder beetle is almost dead.
You hit the skeletal warrior but do no damage.
The boulder beetle bites you!
The skeletal warrior hits you but does no damage.
You hit the boulder beetle but do no damage.
The boulder beetle is almost dead.
You barely miss the skeletal warrior. The boulder beetle bites you!
You hit the boulder beetle but do no damage.
The boulder beetle is almost dead.
You completely miss the skeletal warrior.
The skeletal warrior barely misses you.
A skeletal warrior comes into view. It is wielding a +1 mace.
You hit the boulder beetle but do no damage.
The boulder beetle is almost dead.
You hit the skeletal warrior. You burn the skeletal warrior.
The boulder beetle barely misses you.
The skeletal warrior hits you with a +0 short sword!
* * * LOW HITPOINT WARNING * * *
A skeletal warrior comes into view. It is wielding a +0 mace.
The boulder beetle leaps!
The boulder beetle leaps!
The skeletal warrior hits you with a +0 short sword!!
* * * LOW HITPOINT WARNING * * *
Things that are here:
3 large rocks; a cyclops corpse The boulder beetle curls into a ball and begins rolling!
A skeletal warrior comes into view. It is wielding a +0 trident.
The skeletal warrior hits you but does no damage.
You feel much better.
The skeletal warrior hits you but does no damage.
The skeletal warrior hits you with a +1 mace!!
* * * LOW HITPOINT WARNING * * *
The boulder beetle hits you!!!
You die...

#### #..# ##.∩#######
#...#.#@..# #..°°zB.#.#
##....zz...# {
#....(.#.∩.# {
##....((.(.#### ##
#.#.....#....###.#≈≈≈
###z...(##........≈≈∩
#...#...........?≈≈.
........#...........≈.≈#


You could see a boulder beetle (rolling) and 4 skeletal warriors.

Vanquished Creatures
  Harold (D:7)
  Pikel (D:6)
  2 cyclopes
  A cane toad (Lair:1)
  A gargoyle (D:9)
  A komodo dragon (Lair:1)
  Prince Ribbit (D:5)
  A troll (D:11)
  A slime creature (D:11)
  2 shadows
  A wraith (D:11)
  A basilisk (Lair:1)
  2 wyverns
  4 yaks (D:11)
  3 steam dragons
  Menkaure (D:6)
  8 water moccasins
  2 acid dragons
  3 ice beasts
  3 orc warriors
  A sky beast (D:5)
  4 ogres
  A black bear (D:5)
  2 necrophages
  4 centaurs
  2 lemures (D:6)
  A phantom (D:5)
  2 kobold brigands
  A bullfrog (D:7)
  5 water moccasin zombies (Ossuary)
  A gnoll sergeant (D:8)
  7 scorpions
  4 killer bees (D:8)
  A water moccasin skeleton (D:4)
  An electric eel (D:11)
  A howler monkey (D:5)
  7 centaur zombies
  A jelly (D:6)
  Crazy Yiuf (D:5)
  2 centaur skeletons (D:7)
  A hound (D:5)
  5 orc priests
  2 bullfrog skeletons
  3 iguanas (D:5)
  Natasha (thrice) (D:4)
  6 orc wizards
  2 killer bee zombies (D:7)
  A hound skeleton (D:3)
  2 howler monkey zombies
  2 mummies (Ossuary)
  A howler monkey skeleton (D:4)
  6 gnolls
  11 adders
  2 shadow imps
  4 white imps
  4 ufetubi
  6 adder zombies (Ossuary)
  5 dart slugs
  30 orcs
  3 ball pythons
  10 bats
  11 endoplasms
  5 giant cockroaches
  5 gnoll zombies (Ossuary)
  4 goblins
  11 hobgoblins
  6 jackals
  4 quokkas
  2 frilled lizards
  5 hobgoblin zombies (Ossuary)
  16 kobolds
  4 kobold zombies (Ossuary)
  4 orc zombies (Ossuary)
  11 rats
286 creatures vanquished.

Vanquished Creatures (others)
  A jackal (D:5)
  138 foxfires
  7 fungi
  13 plants
159 creatures vanquished.

Grand Total: 445 creatures vanquished

Notes
Turn   | Place    | Note
-------+----------+-------------------------------------------
     0 | D:1      | jt the Formicid Cinder Acolyte began the quest for the Orb.
     0 | D:1      | Reached XP level 1. HP: 18/18 MP: 2/2
    75 | D:1      | Reached XP level 2. HP: 15/24 MP: 3/3
   360 | D:1      | Reached skill level 4 in Axes
   360 | D:1      | Reached XP level 3. HP: 24/29 MP: 4/4
   378 | D:1      | Learned a level 2 spell: Scorch
   784 | D:1      | Found a faded altar of an unknown god.
  1500 | D:1      | Reached XP level 4. HP: 35/35 MP: 2/5
  1829 | D:2      | Found Buraduq's Jewellery Emporium.
  2043 | D:2      | Noticed an ogre
  2056 | D:2      | Killed an ogre
  2057 | D:2      | Reached skill level 5 in Axes
  2057 | D:2      | Reached XP level 5. HP: 41/41 MP: 4/6
  2151 | D:2      | Reached skill level 6 in Axes
  3032 | D:3      | Reached XP level 6. HP: 47/47 MP: 4/7
  3493 | D:3      | Found a sparkling altar of Nemelex Xobeh.
  3514 | D:3      | Noticed a water moccasin
  3527 | D:3      | Killed a water moccasin
  3528 | D:3      | Reached skill level 7 in Axes
  3528 | D:3      | Reached XP level 7. HP: 24/52 MP: 0/8
  4337 | D:4      | Reached skill level 8 in Axes
  4533 | D:4      | Noticed Natasha
  4536 | D:4      | Killed Natasha
  4628 | D:4      | Noticed Natasha
  4633 | D:4      | Killed Natasha
  4930 | D:4      | Found a blossoming altar of Fedhas.
  5165 | D:4      | Noticed Natasha
  5169 | D:4      | Killed Natasha
  5170 | D:4      | Reached skill level 1 in Evocations
  5304 | D:4      | Found a glowing silver altar of Zin.
  5453 | D:5      | Entered Level 5 of the Dungeon
  5453 | D:5      | Found an iron altar of Okawaru.
  5585 | D:5      | Reached XP level 8. HP: 46/58 MP: 0/9
  5587 | D:5      | Found a stormy altar of Qazlal.
  6216 | D:5      | Reached skill level 9 in Axes
  6497 | D:5      | Reached skill level 5 in Evocations
  6540 | D:5      | Reached XP level 9. HP: 64/64 MP: 3/10
  6692 | D:5      | Reached skill level 10 in Axes
  6967 | D:5      | Reached skill level 11 in Axes
  7100 | D:5      | Noticed Prince Ribbit
  7114 | D:5      | Killed Prince Ribbit
  7194 | D:5      | Found a bloodstained altar of Trog.
  7252 | D:5      | Found a runed translucent door.
  7253 | D:5      | Noticed Crazy Yiuf
  7302 | D:5      | Killed Crazy Yiuf
  7526 | D:6      | Found a sand-covered staircase.
  7540 | Ossuary  | Entered an ossuary
  7608 | Ossuary  | Reached skill level 12 in Axes
  7740 | Ossuary  | Reached skill level 1 in Armour
  7783 | D:6      | Found a transporter.
  7784 | D:6      | Found a transporter.
  7784 | D:6      | Noticed bmj180's ghost (novice GnWn)
  7786 | D:6      | Identified the +4 great mace "Xustrie" {drain, Str+5}
  7786 | D:6      | Identified the +12 great mace of Somewhere Else {freeze,
                  | rC+ rN++ Dex+3}
  7786 | D:6      | Noticed a two-headed ogre
  7811 | D:6      | Reached XP level 10. HP: 45/70 MP: 5/12
  7976 | D:6      | Found a glowing golden altar of the Shining One.
  8059 | D:6      | Found an ancient bone altar of Kikubaaqudgha.
  8096 | D:6      | Learned a level 1 spell: Apportation
  8505 | D:6      | Noticed Menkaure
  8508 | D:6      | Killed Menkaure
  8566 | D:6      | Reached skill level 13 in Axes
  8660 | D:6      | Found a staircase to the Ecumenical Temple.
  8669 | Temple   | Entered the Ecumenical Temple
  9301 | D:7      | Noticed Pikel
  9472 | D:6      | Killed Pikel
  9711 | D:7      | Reached skill level 14 in Axes
  9946 | D:7      | Reached skill level 5 in Fighting
 10158 | D:7      | Found a white marble altar of Elyvilon.
 10221 | D:7      | Found a radiant altar of Vehumet.
 10511 | D:7      | Got Buph's Catalogue of the Oath
 10548 | D:7      | Noticed Harold
 10567 | D:7      | Killed Harold
 10568 | D:7      | Reached skill level 1 in Dodging
 10568 | D:7      | Reached XP level 11. HP: 10/81 MP: 5/14
 11909 | D:9      | Found a hide-covered altar of Uskayaw.
 12023 | D:9      | Reached skill level 5 in Armour
 12613 | D:9      | Noticed a flayed ghost
 12613 | D:9      | Noticed a fire dragon
 12613 | D:9      | Noticed a stone giant
 12616 | D:9      | Gained mutation: You have sharp fingernails. [potion of
                  | mutation]
 12616 | D:9      | Gained mutation: Your flesh is heat resistant. (rF+)
                  | [potion of mutation]
 12634 | D:9      | You are sucked into a shaft and drop 3 floors!
 12634 | D:12     | Noticed a boulder beetle
 12642 | D:12     | Noticed a five-headed hydra
 12642 | D:12     | Noticed a deep elf pyromancer
 12646 | D:12     | Noticed a sixfirhy
 12752 | D:11     | Found a staircase to the Lair.
 12769 | Lair:1   | Entered Level 1 of the Lair of Beasts
 12872 | Lair:1   | Identified the +8 tower shield of Dyspraxia {rPois Int+3}
 12905 | Lair:1   | Reached skill level 1 in Shields
 13139 | D:11     | Noticed a cyclops
 13178 | D:11     | Killed a cyclops
 13423 | D:11     | Noticed Nergalle
 13429 | D:11     | You fall into a shaft and drop 3 floors!
 13431 | D:14     | Noticed a boulder beetle
 13500 | D:13     | Learned a level 4 spell: Flame Wave
 13524 | D:13     | Noticed a boulder beetle
 13524 | D:13     | Noticed a cyclops
 13526 | D:13     | Found Xary's Assorted Antiques.
 13533 | D:13     | Bought a scroll labelled FASITHRORAA for 33 gold pieces
 13536 | D:13     | Found Avyl's General Store.
 13551 | D:13     | Found Beojoilo's Antique Armour Shop.
 13552 | D:13     | Found Ehavis's General Store.
 13562 | D:13     | Bought a potion of curing for 36 gold pieces
 13572 | D:13     | Noticed a skeletal warrior
 13573 | D:13     | Killed a cyclops
 13574 | D:13     | Reached skill level 5 in Shields
 13579 | D:13     | Noticed a skeletal warrior
 13581 | D:13     | Noticed a skeletal warrior
 13583 | D:13     | Noticed a skeletal warrior
 13586 | D:13     | Demolished by a boulder beetle

Illustrated notes

Levels and vault maps discovered:
D:1:      mrwooster_arrival_statue_3, layout_loops_corners,
          shapermc_ecumenical_altar_mp_highgroup, kennysheep_small_spiral,
          chequers_avenue, minmay_surrounded
D:2:      layout_loops_ring, serial_shops, nicolae_diamond_shop,
          grunt_ministairs_1, st_stairs_3
D:3:      layout_basic, lemuel_doored_altar
D:4:      layout_basic, kennysheep_little_box, fedhas_altar_decomposition,
          uniq_natasha
D:5:      kennysheep_windowed_halls, layout_basic,
          nicolae_qazlal_scattered_showers, lemuel_crystal_altar, trog_book,
          uniq_prince_ribbit1, uniq_crazy_yiuf_cottage
D:6:      old_forge, layout_loops_cross, jmf_multi_god_temple,
          minmay_temple_entry_ruins, lightli_ossuary_entry_decrepit_ruins,
          gammafunk_ghost_smash, uniq_menkaure
D:7:      minmay_recursive_quarters, layout_loops_ring, elyvilon_altar_5,
          vehumet_crystals, uniq_harold, uniq_pikel
D:8:      layout_rooms, nrook_campfire, nrook_uturn
D:9:      layout_loops_ring, mainiacjoe_overflow_paths, minivault_25_ag
D:11:     layout_irregular_city, lair_entry_dummy, erik_orc_2, uniq_nergalle
D:12:     layout_loops_ring, onia_ninara_cookie
D:13:     layout_cave_pools, serial_shops, nicolae_shop_stone,
          nicolae_shop_overgrown_old_shop, shop, nicolae_shop_waterfront, shop,
          minivault_10, tso_oasis_becter
D:14:     layout_loops_corners, david_vaults_1, serial_park_avenue1
Temple:   compressed_dpeg_triangle_lava_temple
Lair:1:   layout_regular_city, st_stairs_3

Skill      XL: |  1  2  3  4  5  6  7  8  9 10 11 |
---------------+----------------------------------+-----
Axes           | 4 5 6 7 8 9 12 14 | 14.0
Evocations     | 2 5 |  5.0
Armour         | 1 3 5 |  5.0
Fighting       | 6 9 |  9.5
Spellcasting   | 2 |  2.0
Dodging        | 1 2 |  2.0
Shields        | 5 |  5.0
Throwing       | |  0.9
Fire Magic     | |  3.0

Action                   |  1- 3 |  4- 6 |  7- 9 | 10-12 || total
-------------------------+-------+-------+-------+-------++-------
Melee: Hand axe          |    47 |    62 |   375 |   381 ||   865
Throw: Dart              |       |     1 |    12 |    14 ||    27
       Boomerang         |       |       |     1 |     1 ||     2
 Cast: Scorch            |    15 |    39 |    79 |   150 ||   283
Invok: Foxfire Swarm     |     1 |     1 |     3 |     5 ||    10
 Abil: Dig               |       |       |       |     1 ||     1
       Shaft Self        |       |       |       |     2 ||     2
Evoke: Wand              |       |       |     4 |     8 ||    12
  Use: Scroll            |       |     2 |    11 |     9 ||    22
       Potion            |       |       |     1 |    15 ||    16
 Stab: Sleeping          |       |       |       |     1 ||     1
Armor: Robe              |    12 |    13 |       |       ||    25
       Leather armour    |       |    15 |    71 |       ||    86
       Scale mail        |       |       |    80 |     1 ||    81
       Steam dragon scal |       |       |       |   182 ||   182
       Skin              |       |       |       |    28 ||    28
Dodge: Dodged            |    24 |    29 |   174 |   229 ||   456

Table legend: (Time is in decaauts)
 A = Elapsed time spent in this place.
 B = Non-inter-level travel time spent in this place.
 C = Inter-level travel time spent in this place.
 D = Time resting spent in this place.
 E = Time spent auto-exploring this place.
 F = Levels seen in this place.
 G = Mean time per level.
                   A        B        C        D        E       F      G
               +--------+--------+--------+--------+--------+-----+--------+
         Total |  13367 |  12997 |    370 |   3247 |   6185 |  16 |  835.4 |
       Dungeon |  12469 |  12110 |    359 |   3039 |   5845 |  13 |  959.2 |
        Temple |    350 |    339 |     11 |      0 |    331 |   1 |  350.0 |
          Lair |    347 |    347 |      0 |    208 |      9 |   1 |  347.0 |
       Ossuary |    200 |    200 |      0 |      0 |      0 |   1 |  200.0 |
               +--------+--------+--------+--------+--------+-----+--------+

Top non-repeatable levels by time:
     D:5: 1970 daAuts
     D:1: 1693 daAuts
     D:3: 1383 daAuts
     D:7: 1344 daAuts
     D:6: 1321 daAuts
     D:2: 1221 daAuts
     D:4: 1155 daAuts
     D:8: 1008 daAuts
     D:9: 805 daAuts
    D:11: 372 daAuts
  Temple: 350 daAuts
  Lair:1: 347 daAuts
 Ossuary: 200 daAuts
    D:13: 145 daAuts
    D:12: 38 daAuts
